 Dungeon Crawl Stone Soup version 0.22-a0-467-g5c5de1cb09 (webtiles) character file.

201597 KristianNielsen the Minotaur Blade (level 18, -4/387 HPs)
             Began as a Minotaur Fighter on June 9, 2018.
             Was a High Priest of Okawaru.
             Slain by a naga mage
             ... wielding a +0 spear
              (5 damage)
             ... on level 4 of the Snake Pit on June 10, 2018.
             The game lasted 02:11:13 (32104 turns).

KristianNielsen the Minotaur Blade (MiFi)          Turns: 32104, Time: 02:11:14

Health: -4/387     AC: 29    Str: 29    XL:     18   Next: 30%
Magic:  19/21      EV: -1    Int:  6    God:    Okawaru [*****.]
Gold:   2633       SH: 14    Dex: 23    Spells: 17/17 levels left

rFire    . . .     SeeInvis .   F - +2 demon blade (vamp)
rCold    + + .     Gourm    .   W - +0 shield {reflect}
rNeg     + + +     Faith    .   (armour currently unavailable)
rPois    +         Spirit   .   (helmet currently unavailable)
rElec    .         Reflect  +   (cloak currently unavailable)
rCorr    .         Harm     .   (gloves currently unavailable)
MR       +....     NoTele   +   (boots currently unavailable)
Stlth    ..........             n - +2 amulet of reflection
HPRegen  0.74/turn              x - ring of Yxenu {rC++ Dex+4 Stlth+}
MPRegen  0.17/turn              p - +3 ring of slaying

@: agile, berserking, lethally poisoned (-4 -> -13), tree-form, silence,
constricted, very quick
A: (retaliatory headbutt), screaming 1
a: Renounce Religion


You were on level 4 of the Snake Pit.
You worshipped Okawaru.
Okawaru was extremely pleased with you.
You were not hungry.
You were a tree.
You visited 5 branches of the dungeon, and saw 28 of its levels.

You collected 3059 gold pieces.
You spent 426 gold pieces at shops.

Inventory:

Hand Weapons
 r - a +3 scimitar of flaming
 C - a +1 triple sword of slicing
 F - a +2 vampiric demon blade (weapon)
 N - the +9 great sword "Hoopes" {venom, *Noise rPois Str+2, unknown}
   (You took it off a naga mage on level 2 of the Snake Pit)

   It poisons the flesh of those it strikes.
   It affects your strength (+2).
   It protects you from poison.
   It may make noises in combat.
 P - a +3 triple sword of holy wrath
Missiles
 b - 15 javelins of penetration
 h - 10 poisoned javelins
 E - 12 tomahawks of returning
 T - 2 javelins of returning (quivered)
 Y - 8 silver javelins
Armour
 i - the +1 plate armour of Masochism (melded) {*Drain rElec rF+}
   (You acquired it on level 5 of the Lair of Beasts)

   It protects you from fire.
   It insulates you from electricity.
   It causes draining when unequipped.
 m - a +2 pair of gloves of strength (melded)
 w - a +3 plate armour of cold resistance
 y - the +1 pair of boots "Tiptuff" (melded) {rPois Dex+3}
   (Okawaru gifted it to you on level 6 of the Lair of Beasts)

   It affects your dexterity (+3).
   It protects you from poison.
 I - a +1 cloak (melded)
 O - a +0 shield of fire resistance
 W - a +0 shield of reflection (worn)
Jewellery
 c - an uncursed ring of protection from magic
 n - a +2 amulet of reflection (around neck)
 p - a +3 ring of slaying (right branch)
 x - the ring of Yxenu (left branch) {rC++ Dex+4 Stlth+}
   (You acquired it on level 4 of the Snake Pit)

   [ring of dexterity]

   It affects your dexterity (+4).
   It greatly protects you from cold.
   It makes you more stealthy.
 G - an uncursed ring of flight
 K - a +3 ring of slaying
Wands
 g - a wand of digging (57)
 t - a wand of acid (57)
 L - a wand of scattershot (8)
 S - a wand of clouds (8)
Scrolls
 k - 8 scrolls of teleportation
 l - 7 scrolls of remove curse
 u - 3 scrolls of holy word
 z - 2 scrolls of fog
 D - 2 scrolls of fear
 J - 3 scrolls of blinking
 Q - a scroll of identify
 X - 2 scrolls of magic mapping
Potions
 a - 3 potions of brilliance
 d - 2 potions of might
 e - 10 potions of curing
 o - 2 potions of invisibility
 s - 7 potions of flight
 v - a potion of lignification
 B - 2 potions of agility
 H - a potion of berserk rage
 R - 2 potions of haste
Miscellaneous
 M - a fan of gales
Comestibles
 f - 35 rations


   Skills:
 * Level 18.0 Fighting
 + Level 21.9 Long Blades
 - Level 7.0 Throwing
 + Level 16.9 Armour
 - Level 10.0 Dodging
 + Level 6.7 Shields
 - Level 6.0 Invocations


You had 17 spell levels left.
You didn't know any spells.
Your spell library was empty.

Dungeon Overview and Level Annotations

Branches:
Dungeon (15/15)            Temple (1/1) D:4            Lair (6/6) D:8
  Swamp (0/4) Lair:3        Snake (4/4) Lair:2        Slime (0/5) Lair:5
    Orc (2/2) D:10            Elf (0/3) Orc:2        Vaults (0/5) D:14
 Depths (0/5) D:15

Altars:
Ashenzari
Cheibriados
Dithmenos
Elyvilon
Fedhas
Gozag
Hepliaklqana
Kikubaaqudgha
Makhleb
Nemelex Xobeh
Okawaru
Qazlal
Ru
Sif Muna
Trog
Uskayaw
Vehumet
Wu Jian
Xom
Yredelemnul
Zin
The Shining One
Beogh

Shops:
D:5 !   D:8 *   Orc:1 }   Orc:2 [([*   Snake:1 *

Annotations:
D:14 Roxanne
Snake:4 dricus's ghost, adept MfSk


Innate Abilities, Weirdness & Mutations

((You reflexively headbutt those who attack you in melee.))
((You have a pair of horns on your head.))
You occasionally shout uncontrollably at your foes.


Message History

* * * LOW HITPOINT WARNING * * *
The bolt burns you.
* * * LOW HITPOINT WARNING * * *
The nagaraja hits you but does no damage.
The nagaraja constricts you.
Unknown command.
You are too injured to fight recklessly!
Unknown command.
Unknown command.
You feel a strong urge to attack something.
* * * LOW HITPOINT WARNING * * *
You feel sick.
The naga mage looks more healthy.
* * * LOW HITPOINT WARNING * * *
You are more poisoned.
* * * LOW HITPOINT WARNING * * *
You are more poisoned.
The nagaraja gestures at you while chanting.
You resist with significant effort.
The naga mage hits you from afar with a spear.
You die...

.............##
#...##...######
...........#
...........#
...........#
#.....#....#
...........#
.....(N#NN##
....NNN)♣##
...(.NNW)#


.(N.(N#NNNN ..((#.NNNNN.. #.(..NNNNNNN... .N ....N....... . N...((.......
.....(.#...... You could see 2 naga warriors, 3 nagarajas, 7 naga sharpshooters,
3 naga ritualists, 6 naga magi, 6 nagas and dricus's ghost.

Vanquished Creatures
  Saint Roka (Orc:2)
  Vashnia (Snake:2)
  Agnes (Snake:4)
  Gastronok (Orc:1)
  2 nagarajas (Snake:4)
  Donald (Snake:3)
  An orc warlord (Orc:2)
  Aizul (Snake:2)
  Louise (Snake:1)
  A stone giant (Orc:2)
  A dire elephant (Lair:5)
  Josephine (D:13)
  Snorg (D:13)
  A yaktaur captain (D:15)
  An ogre mage (D:15)
  A fire dragon (Lair:6)
  5 vault guards (D:14)
  4 hydras
  11 naga warriors
  6 anacondas
  Erica (D:9)
  The ghost of Lemiesh the Unseen, a journeyman SpEn of Dithmenos (D:14)
  2 centaur warriors (D:15)
  8 two-headed ogres
  3 tengu warriors
  2 death yaks (Lair:5)
  A queen ant (Lair:3)
  Urug (D:13)
  12 naga sharpshooters
  An orc high priest (Orc:2)
  4 shock serpents
  Nergalle (Lair:2)
  3 salamander mystics
  A skeletal warrior (D:10)
  A glowing orange brain (D:13)
  4 unseen horrors
  5 naga ritualists
  A lindwurm (Lair:6)
  Pikel (D:6)
  2 wolf spiders
  2 wolf spider zombies
  3 orc knights (Orc:2)
  5 orc sorcerers
  4 manticores
  2 deep elf magi
  11 mana vipers
  4 cyclopes
  4 salamanders
  An ugly thing (D:11)
  30 elephants
  29 black mambas
  15 naga magi
  5 guardian serpents
  3 molten gargoyles (Lair:6)
  3 gargoyles
  2 rime drakes
  10 spiny frogs
  9 komodo dragons
  2 yaktaurs
  A kobold demonologist (D:11)
  3 efreet
  A meliai (D:10)
  2 tengu conjurers
  5 polar bears
  8 trolls
  A hornet (D:11)
  10 hippogriffs
  12 dream sheep
  9 blink frogs (Lair:5)
  9 slime creatures
  A vampire (D:13)
  A shadow (D:12)
  A centaur simulacrum (D:15)
  2 spriggans
  5 wraiths
  9 wyverns
  37 yaks
  A human (D:14)
  2 hungry ghosts
  Eustachio (D:6)
  5 basilisks
  8 vampire mosquitoes
  Grum (D:8)
  A redback simulacrum (D:15)
  5 wargs
  3 steam dragons
  An acid dragon (D:15)
  27 nagas
  17 soldier ants
  22 water moccasins
  4 porcupines
  3 hell hounds (Lair:6)
  Duvessa (D:6)
  3 ice beasts
  A phantom (D:14)
  2 black bears
  A hornet zombie (D:10)
  5 sky beasts
  4 necrophages
  35 orc warriors
  2 slaves (D:5)
  2 eyes of draining
  15 centaurs
  14 ogres
  17 wolves
  6 crocodiles
  13 bullfrogs
  Dowan (D:6)
  6 scorpions
  A wyvern skeleton (D:8)
  7 killer bees
  12 wights
  10 howler monkeys
  5 electric eels (Lair:3)
  5 lava snakes (Lair:6)
  5 crimson imps
  2 centaur zombies
  6 jellies
  3 hounds
  2 bullfrog skeletons
  24 orc priests
  29 orc wizards
  4 centaur skeletons
  4 iguanas
  35 worker ants
  A hound zombie (D:10)
  A hound skeleton (D:5)
  4 gnolls (D:7)
  15 adders
  5 shadow imps
  9 oozes (D:4)
  An adder zombie (D:7)
  3 adder skeletons
  A worm (D:6)
  2 dart slugs
  6 leopard geckos
  100 orcs
  5 bats
  2 giant cockroaches
  7 goblins
  7 hobgoblins
  3 jackals (D:8)
  18 kobolds
  6 quokkas
  A ball python (Lair:2)
  5 frilled lizards
  A jackal zombie (D:5)
  A leopard gecko zombie (D:5)
  A quokka skeleton (D:4)
  9 rats
  A fungus (Lair:5)
957 creatures vanquished.

Vanquished Creatures (others)
  A centaur simulacrum (D:10)
  An orc warrior (D:14)
  A bullfrog (D:6)
  A jelly (D:10)
  2 jackals (D:6)
  A kobold (D:4)
  47 fungi
  23 plants
  9 toadstools (D:4)
86 creatures vanquished.

Grand Total: 1043 creatures vanquished

Notes
Turn   | Place    | Note
-------+----------+-------------------------------------------
     0 | D:1      | KristianNielsen the Minotaur Fighter began the quest for the Orb.
     0 | D:1      | Reached XP level 1. HP: 19/19 MP: 0/0
    58 | D:1      | Reached XP level 2. HP: 27/27 MP: 1/1
   164 | D:1      | Reached skill level 3 in Long Blades
   496 | D:1      | Reached XP level 3. HP: 30/33 MP: 2/2
   995 | D:2      | Found an ancient bone altar of Kikubaaqudgha.
  1093 | D:2      | Found a basalt altar of Yredelemnul.
  1276 | D:2      | Found a glowing silver altar of Zin.
  1592 | D:3      | Reached XP level 4. HP: 40/40 MP: 3/3
  1676 | D:3      | Reached skill level 4 in Long Blades
  1965 | D:3      | Reached skill level 1 in Dodging
  2146 | D:4      | Noticed an ogre
  2178 | D:4      | Reached XP level 5. HP: 47/47 MP: 4/4
  2423 | D:4      | Reached skill level 5 in Long Blades
  2424 | D:4      | Reached skill level 5 in Fighting
  2424 | D:4      | Reached XP level 6. HP: 44/56 MP: 5/5
  2598 | D:4      | Reached skill level 5 in Armour
  2649 | D:4      | Found a snail-covered altar of Cheibriados.
  2928 | D:5      | Entered Level 5 of the Dungeon
  3008 | D:5      | Noticed a sky beast
  3124 | D:5      | Killed a sky beast
  3124 | D:5      | Reached skill level 6 in Long Blades
  3124 | D:5      | Reached XP level 7. HP: 61/61 MP: 6/6
  3126 | D:5      | Found Wiefywk's Distillery.
  3134 | D:5      | Bought a potion of lignification for 42 gold pieces
  3495 | D:5      | Reached skill level 7 in Long Blades
  3576 | D:5      | Found a hazy altar of Hepliaklqana.
  3689 | D:5      | Reached XP level 8. HP: 70/70 MP: 7/7
  3754 | D:5      | Reached skill level 8 in Long Blades
  3965 | D:6      | Noticed Pikel
  4054 | D:6      | Found a hide-covered altar of Uskayaw.
  4057 | D:6      | Noticed a dagger
  4058 | D:6      | Noticed a dagger
  4137 | D:6      | Killed Pikel
  4137 | D:6      | Reached skill level 9 in Long Blades
  4137 | D:6      | Reached skill level 5 in Dodging
  4172 | D:6      | Noticed a troll
  4177 | D:6      | Reached XP level 9. HP: 70/79 MP: 8/8
  4179 | D:6      | Killed a troll
  4408 | D:6      | Reached skill level 10 in Long Blades
  4418 | D:6      | Noticed Eustachio
  4438 | D:6      | Killed Eustachio
  4469 | D:6      | Found a sparkling altar of Nemelex Xobeh.
  4625 | D:6      | Got a bound turquoise ring
  4666 | D:6      | Noticed Dowan
  4674 | D:6      | Killed Dowan
  4719 | D:6      | Noticed Duvessa
  4753 | D:6      | Killed Duvessa
  5029 | D:4      | Found a staircase to the Ecumenical Temple.
  5269 | Temple   | Entered the Ecumenical Temple
  5363 | Temple   | Became a worshipper of Warmaster Okawaru
  5746 | D:7      | Reached skill level 1 in Invocations
  5800 | D:7      | Reached skill level 1 in Throwing
  5833 | D:7      | Reached * piety under Okawaru
  5833 | D:7      | Reached XP level 10. HP: 79/90 MP: 9/9
  5882 | D:7      | Reached skill level 11 in Long Blades
  6236 | D:8      | Found Viliux's Assorted Antiques.
  6285 | D:8      | Found a staircase to the Lair.
  6325 | D:7      | Identified the cursed ring of Ruwo {EV-2 Dex+7} (You found it on level 6 of the Dungeon)
  6378 | D:8      | Noticed Grum
  6393 | D:8      | Killed Grum
  6509 | D:8      | Noticed a two-headed ogre
  6521 | D:8      | Killed a two-headed ogre
  6521 | D:8      | Reached ** piety under Okawaru
  7291 | D:8      | Reached skill level 12 in Long Blades
  7886 | D:8      | Reached *** piety under Okawaru
  7953 | D:8      | Found a staircase to the Lair.
  7972 | D:8      | Found Viliux's Assorted Antiques.
  9004 | D:9      | Noticed Erica
  9015 | D:9      | Killed Erica
  9015 | D:9      | Reached XP level 11. HP: 82/99 MP: 12/12
  9075 | D:9      | Received a gift from Okawaru
  9855 | D:9      | Noticed a two-headed ogre
  9864 | D:9      | Killed a two-headed ogre
  9864 | D:9      | Reached **** piety under Okawaru
 10037 | D:10     | Entered Level 10 of the Dungeon
 10148 | D:10     | Reached skill level 10 in Fighting
 10150 | D:10     | Reached skill level 10 in Armour
 10169 | D:10     | Noticed a skeletal warrior
 10217 | D:10     | Killed a skeletal warrior
 10217 | D:10     | Reached skill level 13 in Long Blades
 10574 | D:10     | Found a staircase to the Orcish Mines.
 10780 | D:10     | Noticed a two-headed ogre
 10786 | D:10     | Killed a two-headed ogre
 10786 | D:10     | Reached ***** piety under Okawaru
 10806 | D:10     | Reached skill level 5 in Invocations
 10824 | D:10     | Noticed a two-headed ogre
 10831 | D:10     | Killed a two-headed ogre
 10831 | D:10     | Received a gift from Okawaru
 10831 | D:10     | Reached skill level 5 in Throwing
 11802 | Lair:1   | Entered Level 1 of the Lair of Beasts
 11804 | Lair:1   | Reached skill level 14 in Long Blades
 11916 | Lair:1   | Reached XP level 12. HP: 90/108 MP: 14/14
 12886 | Lair:2   | Noticed Nergalle
 12899 | Lair:2   | Killed Nergalle
 12901 | Lair:2   | Reached skill level 15 in Long Blades
 12937 | Lair:2   | Found a staircase to the Snake Pit.
 13837 | Lair:3   | Received a gift from Okawaru
 13923 | Lair:3   | Received a gift from Okawaru
 14185 | Lair:3   | Noticed a queen ant
 14208 | Lair:3   | Killed a queen ant
 14268 | Lair:3   | Reached XP level 13. HP: 84/118 MP: 5/16
 14296 | Lair:3   | Reached skill level 16 in Long Blades
 14457 | Lair:3   | Found a staircase to the Swamp.
 16877 | Lair:5   | Identified a scroll of acquirement
 16886 | Lair:5   | Got an amber-encrusted plate armour
 16887 | Lair:5   | Identified the +1 plate armour of Masochism {*Drain rElec rF+} (You acquired it on level 5 of the Lair of Beasts)
 16910 | Lair:5   | Received a gift from Okawaru
 16922 | Lair:5   | Found a staircase to the Slime Pits.
 17120 | Lair:5   | Reached skill level 17 in Long Blades
 17178 | Lair:5   | Noticed a dire elephant
 17191 | Lair:5   | Killed a dire elephant
 17367 | Lair:5   | Received a gift from Okawaru
 17494 | Lair:5   | Reached XP level 14. HP: 63/129 MP: 10/17
 18034 | Lair:6   | Entered Level 6 of the Lair of Beasts
 18586 | Lair:6   | Received a gift from Okawaru
 18587 | Lair:6   | Got a pair of dazzling boots {god gift}
 18598 | Lair:6   | Identified the +1 pair of boots "Tiptuff" {rPois Dex+3} (Okawaru gifted it to you on level 6 of the Lair of Beasts)
 18840 | Lair:6   | Reached skill level 18 in Long Blades
 19015 | Lair:6   | Found a large runed door.
 19189 | Lair:6   | Found a large runed door.
 19899 | Lair:6   | Upgraded the game from 0.22-a0-460-g49b1da7e92 to 0.22-a0-467-g5c5de1cb09
 21331 | D:12     | Found a stormy altar of Qazlal.
 21455 | D:12     | Received a gift from Okawaru
 21686 | D:13     | Noticed Josephine
 21700 | D:13     | Killed Josephine
 21700 | D:13     | Reached skill level 19 in Long Blades
 22141 | D:13     | Received a gift from Okawaru
 22345 | D:13     | Noticed Snorg
 22352 | D:13     | Killed Snorg
 22366 | D:13     | Reached XP level 15. HP: 114/139 MP: 15/18
 22678 | D:13     | Noticed Urug
 22692 | D:13     | Killed Urug
 23161 | D:14     | Noticed Lemiesh's ghost (journeyman SpEn)
 23168 | D:14     | Killed Lemiesh's ghost
 23285 | D:14     | Noticed Roxanne
 23653 | D:14     | Paralysed by an orc sorcerer for 2 turns
 23725 | D:14     | Found a gate to the Vaults.
 23943 | Orc:1    | Entered Level 1 of the Orcish Mines
 23955 | Orc:1    | Noticed Gastronok
 23968 | Orc:1    | Killed Gastronok
 23972 | Orc:1    | Found Oshruuxos's Gadget Shop.
 24088 | Orc:2    | Entered Level 2 of the Orcish Mines
 24187 | Orc:2    | Reached skill level 15 in Armour
 24189 | Orc:2    | Reached skill level 15 in Fighting
 24243 | Orc:2    | Found a roughly hewn altar of Beogh.
 24334 | Orc:2    | Found a staircase to the Elven Halls.
 24344 | Orc:2    | Received a gift from Okawaru
 24465 | Orc:2    | Found a roughly hewn altar of Beogh.
 24536 | Orc:2    | Gained mutation: You occasionally shout uncontrollably at your foes. [a neqoxec]
 24537 | Orc:2    | Paralysed by an orc sorcerer for 2 turns
 24692 | Orc:2    | Found a roughly hewn altar of Beogh.
 24715 | Orc:2    | Found a roughly hewn altar of Beogh.
 24717 | Orc:2    | Found Yqif's Antique Armour Boutique.
 24823 | Orc:2    | Found a roughly hewn altar of Beogh.
 24834 | Orc:2    | Found Zoseaty's General Store.
 24938 | Orc:2    | Found a roughly hewn altar of Beogh.
 25114 | Orc:2    | Noticed Saint Roka
 25116 | Orc:2    | Reached skill level 20 in Long Blades
 25139 | Orc:2    | Killed Saint Roka
 25194 | Orc:2    | Found Xibeg's Antique Weapon Boutique.
 25431 | Orc:2    | Found Qyonki Tung's Antique Armour Shop.
 25432 | Orc:2    | Found a roughly hewn altar of Beogh.
 25532 | Orc:1    | Noticed an orc warlord
 25766 | Orc:2    | Killed an orc warlord
 25816 | Orc:1    | You fall through a shaft!
 26078 | D:15     | Entered Level 15 of the Dungeon
 26842 | D:15     | Found a staircase to the Depths.
 26858 | D:15     | Reached XP level 16. HP: 72/149 MP: 17/19
 27107 | D:15     | Paralysed by an ogre mage for 2 turns
 27113 | D:15     | Received a gift from Okawaru
 27710 | Snake:1  | Entered Level 1 of the Snake Pit
 27782 | Snake:1  | Found Decutan's General Store.
 27815 | Snake:1  | Bought a potion of might for 64 gold pieces
 27815 | Snake:1  | Bought a potion of heal wounds for 80 gold pieces
 27815 | Snake:1  | Bought a potion of haste for 160 gold pieces
 27815 | Snake:1  | Bought a potion of heal wounds for 80 gold pieces
 27829 | Snake:1  | Noticed Louise
 27873 | Snake:1  | Killed Louise
 28075 | Snake:1  | Received a gift from Okawaru
 28421 | Snake:2  | Noticed Vashnia
 28434 | Snake:2  | Killed Vashnia
 28434 | Snake:2  | Received a gift from Okawaru
 28434 | Snake:2  | Reached skill level 10 in Dodging
 28453 | Snake:1  | Reached skill level 21 in Long Blades
 29021 | Snake:2  | Noticed Aizul
 29041 | Snake:2  | Killed Aizul
 29489 | Snake:2  | Received a gift from Okawaru
 29545 | Snake:2  | Got a polished great sword {venom}
 30468 | Snake:3  | Received a gift from Okawaru
 30991 | Snake:3  | Found a shimmering altar of Xom.
 31236 | Snake:3  | Noticed Donald
 31245 | Snake:3  | Killed Donald
 31245 | Snake:3  | Received a gift from Okawaru
 31435 | Snake:3  | Reached XP level 17. HP: 154/161 MP: 12/20
 31671 | Snake:4  | Entered Level 4 of the Snake Pit
 31911 | Snake:4  | Reached skill level 5 in Shields
 31911 | Snake:4  | Reached XP level 18. HP: 171/171 MP: 21/21
 31914 | Snake:4  | Got a faintly glowing wooden ring
 31918 | Snake:4  | Identified the ring of Yxenu {rC++ Dex+4 Stlth+} (You acquired it on level 4 of the Snake Pit)
 31996 | Snake:4  | Noticed Agnes
 32006 | Snake:4  | Killed Agnes
 32047 | Snake:4  | Noticed dricus's ghost (adept MfSk)
 32103 | Snake:4  | HP: 14/387 [naga mage/spear (6)]
 32103 | Snake:4  | HP: 6/387 [naga sharpshooter/bolt (8)]
 32104 | Snake:4  | HP: 2/387 [naga ritualist/Olgreb's Toxic Radiance (1)]
 32104 | Snake:4  | Slain by a naga mage

Vault maps used:
D:1:      ebering_hopf_link
D:2:      nicolae_overflow_crystal_walls, lemuel_coloured_pillars_altar,
          zin_treasury
D:4:      cheibrodos_fertilizer, cheibriados_altar_1,
          minmay_temple_entry_from_below_a, first_ration, minmay_door_square
D:5:      basic_altar, serial_shops, shop
D:6:      hangedman_cross_stitches, nemelex_xobeh_ov_fountains_minmay,
          dancing_weapons_uskayaw, uniq_eustachio, uniq_duvessa, uniq_pikel
D:7:      the_bakery
D:8:      david_lair_shrubbed, serial_shops, shop_coins, uniq_grum
D:9:      uniq_erica
D:10:     orc_0_dummy, minivault_28
D:11:     minmay_diamond_spiral
D:12:     grunt_qazlal_clouds
D:13:     serial_glass, glass_columns_c, glass_columns_a, glass_columns_b,
          glass_columns_a, glass_columns_a, glass_columns_a, uniq_snorg,
          uniq_urug, uniq_josephine
D:14:     grunt_vaults_entry_fortified, minmay_crystal_room, uniq_roxanne
D:15:     grunt_enter_depths_snipers, st_stairs_10
Temple:   regret_index_temple_sphere_string
Lair:2:   minmay_snake_entry_six_corridors, minmay_holes,
          infiniplex_staircase_pool_2, uniq_nergalle
Lair:3:   minmay_swamp_entry_eels, zaba_anthell
Lair:4:   portal_ice_cave_entry_pillars_1, cheibrodos_lair_caveside_slide,
          infiniplex_staircase_pool
Lair:5:   mu_elephants_graveyard, slime_dummy, serial_bayou_pond_c,
          beast_lair_carwin_10
Lair:6:   cheibrodos_lair_end_hotspot
Snake:1:  serial_shops, nicolae_shop_crystal, uniq_louise
Snake:2:  spider_trap, uniq_vashnia, uniq_aizul
Snake:3:  basic_altar, uniq_donald
Snake:4:  snake_pit, nrook_guardian_serpent_ordinary, uniq_agnes
Orc:1:    serial_shops, nicolae_shop_crystal, uniq_gastronok
Orc:2:    grunt_orc_community_town_hall, grunt_orc_community_big_house_1,
          grunt_orc_community_big_house_2, grunt_orc_community_house_1,
          grunt_orc_community_house_3, grunt_orc_community_house_1,
          grunt_orc_community_house_3, grunt_orc_community_house_1,
          grunt_orc_community_house_3

Skill      XL: |  1  2  3  4  5  6  7  8  9 10 11 12 13 14 15 16 17 18 |
---------------+-------------------------------------------------------+-----
Long Blades    | 3 4 5 6 7 9 10 12 14 15 17 19 20 21 | 21.9
Fighting       | 4 5 6 7 8 9 10 12 13 14 15 17 18 | 18.0
Armour         | 4 5 6 7 8 9 10 12 13 14 15 16 | 16.9
Shields        | 4 5 6 |  6.7
Dodging        | 1 2 3 5 6 7 9 10 | 10.0
Invocations    | 1 3 5 6 |  6.0
Throwing       | 1 3 5 6 7 |  7.0

Action                   |  1- 3 |  4- 6 |  7- 9 | 10-12 | 13-15 | 16-18 || total
-------------------------+-------+-------+-------+-------+-------+-------++-------
Melee: Long sword        |   115 |    74 |   100 |       |       |       ||   289
       Headbutt          |    11 |    17 |    45 |   147 |   309 |   131 ||   660
       Scimitar          |       |       |    90 |   389 |   466 |       ||   945
       Great sword       |       |       |       |   164 |       |       ||   164
       Triple sword      |       |       |       |       |   582 |   235 ||   817
       Demon blade       |       |       |       |       |       |   153 ||   153
Throw: Tomahawk          |       |       |    22 |    11 |     1 |       ||    34
       Javelin           |       |       |       |     6 |    72 |    45 ||   123
Invok: Heroism           |       |       |       |    18 |    44 |    13 ||    75
       Finesse           |       |       |       |     4 |    11 |     8 ||    23
Evoke: Wand              |       |       |     2 |     4 |     3 |     4 ||    13
       Fan of gales      |       |       |       |       |       |     1 ||     1
  Use: Scroll            |     3 |     4 |       |    13 |    13 |    10 ||    43
       Potion            |       |       |     1 |     1 |     7 |     9 ||    18
  Eat: Chunk             |     2 |     5 |     9 |    13 |    22 |     4 ||    55
       Ration            |       |       |       |     4 |     6 |     5 ||    15
Armor: Scale mail        |    51 |    21 |    65 |    31 |       |       ||   168
       Plate armour      |       |       |       |   149 |   565 |   194 ||   908
       Skin              |       |       |       |    10 |       |    10 ||    20
Dodge: Dodged            |    30 |    33 |    93 |   209 |   469 |   245 ||  1079
Block: Shield            |    60 |       |       |    59 |   238 |   148 ||   505
       Buckler           |     4 |    20 |    67 |    88 |       |       ||   179
       Reflection        |       |     1 |     8 |     3 |     9 |    22 ||    43
       Other             |       |       |       |     9 |    37 |    17 ||    63
       Rpst.: Long sword |     9 |    15 |    14 |       |       |       ||    38
       Scimitar          |       |       |    10 |    32 |    33 |       ||    75
       Great sword       |       |       |       |    26 |       |       ||    26
       Triple sword      |       |       |       |       |    65 |    27 ||    92
       Demon blade       |       |       |       |       |       |    10 ||    10

Table legend:
 A = Spawn XP
 B = Non-spawn XP
 C = Spawn XP percentage of total XP
 D = Spawn monster count
 E = Non-spawn monster count
 F = Spawn count percentage of total count
 G = Total turns spent on level
                    A         B        C        D         E        F      G
               +---------+---------+-------+---------+---------+-------+---------
         Total |       0 |  240596 |   0.0 |       0 |     956 |   0.0 | 32104
               +---------+---------+-------+---------+---------+-------+---------
           D:1 |       0 |      44 |   0.0 |       0 |      24 |   0.0 |   907
           D:2 |       0 |      37 |   0.0 |       0 |      20 |   0.0 |   588
           D:3 |       0 |      85 |   0.0 |       0 |      15 |   0.0 |   703
           D:4 |       0 |     624 |   0.0 |       0 |      35 |   0.0 |  1083
           D:5 |       0 |    1278 |   0.0 |       0 |      31 |   0.0 |  1084
           D:6 |       0 |    2656 |   0.0 |       0 |      21 |   0.0 |   933
           D:7 |       0 |    1476 |   0.0 |       0 |      22 |   0.0 |   814
           D:8 |       0 |    4400 |   0.0 |       0 |      39 |   0.0 |  3172
           D:9 |       0 |    3075 |   0.0 |       0 |      31 |   0.0 |  1563
          D:10 |       0 |    7071 |   0.0 |       0 |      33 |   0.0 |  1369
          D:11 |       0 |    6299 |   0.0 |       0 |      35 |   0.0 |   850
          D:12 |       0 |    3343 |   0.0 |       0 |      22 |   0.0 |   716
          D:13 |       0 |   11710 |   0.0 |       0 |      40 |   0.0 |  1471
          D:14 |       0 |   15257 |   0.0 |       0 |      40 |   0.0 |   897
          D:15 |       0 |   16337 |   0.0 |       0 |      40 |   0.0 |  1407
        Lair:1 |       0 |    2999 |   0.0 |       0 |      11 |   0.0 |   753
        Lair:2 |       0 |    6705 |   0.0 |       0 |      35 |   0.0 |  1061
        Lair:3 |       0 |    8777 |   0.0 |       0 |      66 |   0.0 |  1950
        Lair:4 |       0 |    7743 |   0.0 |       0 |      29 |   0.0 |  1233
        Lair:5 |       0 |   18694 |   0.0 |       0 |      48 |   0.0 |  1207
        Lair:6 |       0 |   17893 |   0.0 |       0 |      57 |   0.0 |  1859
       Snake:1 |       0 |   15087 |   0.0 |       0 |      26 |   0.0 |  1276
       Snake:2 |       0 |   20383 |   0.0 |       0 |      26 |   0.0 |  1687
       Snake:3 |       0 |   24496 |   0.0 |       0 |      41 |   0.0 |  1039
       Snake:4 |       0 |   21768 |   0.0 |       0 |      35 |   0.0 |   392
         Orc:1 |       0 |    4046 |   0.0 |       0 |      30 |   0.0 |   283
         Orc:2 |       0 |   18313 |   0.0 |       0 |     104 |   0.0 |  1665
               +---------+---------+-------+---------+---------+-------+---------
